 Dungeon Crawl Stone Soup version 0.31.0-12-g77e489cdc1 (webtiles) character file.

Game seed: 4843934497579342372

1929731 DrFunkyFeet the Meteorologist (level 27, 190/190 HPs)
             Began as a Tengu Air Elementalist on Mar 2, 2024.
             Was the Champion of Vehumet.
             Escaped with the Orb
             ... and 4 runes on Mar 3, 2024!
             The game lasted 04:22:43 (98353 turns).

DrFunkyFeet the Meteorologist (TeAE)               Turns: 98353, Time: 04:22:44

Health: 190/190    AC: 18    Str: 27    XL:     27
Magic:  62/62      EV: 30    Int: 41    God:    Vehumet [******]
Gold:   7343       SH:  0    Dex: 21    Spells: 4/66 levels left

rFire   + + .        j - staff of Fate {rElec Int+3 Air}
rCold   + + +        v - sphere of Battle
rNeg    + . .        F - +5 moon troll leather armour {Spirit, Regen++ MP+5}
rPois   .            X - +2 hat {Will+}
rElec   +            p - scarf of New Discoveries {rC+ rF+, ^Drain Str+3}
rCorr   .            t - +2 pair of gloves of Courage {^Contam Str+9 Int+9}
SInv    .            (boots unavailable)
Will    +++++        r - amulet of magic regeneration
Stlth   ++           J - ring of the Fortifying Coward {rC+ AC+4 Str+2 Int+4 Stlth+}
HPRegen 2.11/turn    d - ring "Timn" {rN+ Will++ MP+9 Slay+6}
MPRegen 0.78/turn

%: acrobat, guardian spirit
@: flying
A: beak, talons 3, evasive flight, acrobatic, thin skeletal structure 1, agile
1, cold resistance 1, deformed body, fire resistance 1, strong 1
0: Orb of Zot
}: 4/15 runes: barnacled, slimy, silver, gossamer
a: Renounce Religion


You escaped.
You worshipped Vehumet.
Vehumet was exalted by your worship.
You visited 12 branches of the dungeon, and saw 56 of its levels.
You also visited: Bailey and Wizlab.

You collected 11174 gold pieces.
You spent 3831 gold pieces at shops.

Inventory:

Armour
 p - the scarf of New Discoveries (worn) {rC+ rF+, ^Drain Str+3}
   (You found it on level 2 of the Shoals)

   Str+3:     It affects your strength (+3).
   ^Drain:    It drains your maximum health when unequipped.
 t - the +2 pair of gloves of Courage (worn) {^Contam Str+9 Int+9}
   (You found it on level 5 of the Pits of Slime)

   Str+9:     It affects your strength (+9).
   Int+9:     It affects your intelligence (+9).
   ^Contam:   It causes magical contamination when unequipped.
 v - the sphere of Battle (worn)
   (You found it on level 3 of the Crypt)

   Battle:    It summons a battlesphere in combat, with strength depending on
   Conjurations skill.
   Destructive: It enhances your destructive magic, and weakens non-destructive
   magic.
 F - the +5 moon troll leather armour (worn) {Spirit, Regen++ MP+5}
   (You took it off a moon troll in a wizard's laboratory)

   MP+5:      It affects your magic capacity (+5).
   Regen++:   It increases your rate of health regeneration.
 V - a +5 kite shield
 X - a +2 hat of willpower (worn)
Magical Staves
 j - the staff of Fate (weapon) {rElec Int+3 Air}
   (You acquired it on level 5 of the Pits of Slime)

   [staff of air]

   Base accuracy: +5 Base damage: 5 Base attack delay: 1.2 This weapon's minimum
   attack delay (0.6) is reached at skill level 12.
   Int+3:     It affects your intelligence (+3).
   rElec:     It insulates you from electricity.
   Air:       It increases the power of your Air spells.
   It falls into the 'Staves' category.
   It is a one-handed weapon.
 k - the staff "Sarcophage" {rF+ Will+ Str+4 Hexes Fire Earth}
   (You found it on level 5 of the Vaults)

   [staff of fire]

   Base accuracy: +5 Base damage: 5 Base attack delay: 1.2 This weapon's minimum
   attack delay (0.6) is reached at skill level 12.
   Str+4:     It affects your strength (+4).
   rF+:       It protects you from fire.
   Will+:     It increases your willpower.
   Hexes:     It increases the power of your Hexes spells.
   Fire:      It increases the power of your Fire spells.
   Earth:     It increases the power of your Earth spells.
   It falls into the 'Staves' category.
   It is a one-handed weapon.
Jewellery
 b - the ring of the Scavenger {rElec rC+ Will+ Str+2 Int-2}
   (You took it off a skeletal warrior on level 1 of the Crypt)

   [ring of protection from cold]

   Str+2:     It affects your strength (+2).
   Int-2:     It affects your intelligence (-2).
   rC+:       It protects you from cold.
   rElec:     It insulates you from electricity.
   Will+:     It increases your willpower.
 d - the ring "Timn" (right hand) {rN+ Will++ MP+9 Slay+6}
   (You took it off an ancient champion on level 3 of the Crypt)

   [ring of positive energy]

   Slay+6:    It affects your accuracy & damage with ranged weapons and melee
   (+6).
   rN+:       It protects you from negative energy.
   Will++:    It greatly increases your willpower.
   MP+9:      It affects your magic capacity (+9).
 r - an amulet of magic regeneration (around neck)
 G - a ring of see invisible
 I - the ring "Ychasirph" {rPois Will+}
   (You acquired it on level 1 of the Realm of Zot)

   [ring of poison resistance]

   rPois:     It protects you from poison Will+: It increases your willpower.
 J - the ring of the Fortifying Coward (left hand) {rC+ AC+4 Str+2 Int+4 Stlth+}
   (You took it off a deep elf demonologist on level 3 of the Elven Halls)

   [ring of protection]

   AC+4:      It affects your AC (+4).
   Str+2:     It affects your strength (+2).
   Int+4:     It affects your intelligence (+4).
   rC+:       It protects you from cold.
   Stlth+:    It makes you more stealthy.
 S - the ring of Ru's Anger {Wiz rCorr Dex+5}
   (You took it off an ancient champion on level 1 of the Crypt)

   [ring of wizardry]

   Wiz:       It improves your spell success rate.
   Dex+5:     It affects your dexterity (+5).
   rCorr:     It protects you from acid and corrosion.
 Y - the amulet of Tosamon {rN+ Regen+ Str+3}
   (You found it on level 2 of the Vaults)

   [amulet of regeneration]

   Str+3:     It affects your strength (+3).
   rN+:       It protects you from negative energy.
   Regen+:    It increases your rate of health regeneration.
Wands
 q - a wand of digging (37)
 C - a wand of quicksilver (21)
 E - a wand of charming (4)
 K - a wand of mindburst (43)
 Q - a wand of flame (103)
 T - a wand of roots (63)
Scrolls
 a - 6 scrolls of brand weapon
 c - 5 scrolls of fog
 e - 44 scrolls of identify
 i - 5 scrolls of silence
 m - 12 scrolls of amnesia
 u - 8 scrolls of fear
 y - 8 scrolls of enchant armour
 D - 9 scrolls of enchant weapon
 H - 14 scrolls of teleportation
 L - 10 scrolls of poison
 O - 5 scrolls of butterflies
 P - 13 scrolls of vulnerability
 U - 4 scrolls of blinking
Potions
 f - 19 potions of curing
 g - 10 potions of heal wounds
 h - 2 potions of cancellation
 l - a potion of haste
 n - 19 potions of mutation
 o - 2 potions of magic
 s - 5 potions of resistance
 w - 2 potions of invisibility
 z - 5 potions of enlightenment
 A - 12 potions of might
 B - 8 potions of ambrosia
 M - 6 potions of attraction
 Z - 3 potions of brilliance
Miscellaneous
 x - a lightning rod (4/4)
 R - a sack of spiders
 W - a phantom mirror


   Skills:
 + Level 24.0 Fighting
 - Level 17.3 Armour
 + Level 18.9 Dodging
 - Level 5.0 Stealth
 - Level 13.8 Shields
 - Level 20.0 Spellcasting
 + Level 24.7 Conjurations
 - Level 17.5 Fire Magic
 O Level 27 Air Magic
 - Level 3.0 Alchemy


You had 4 spell levels left.
You knew the following spells:

 Your Spells              Type           Power      Damage    Failure   Level
a - Irradiate             Conj/Alch      62%        3d32      1%          5
b - Chain Lightning       Conj/Air       90%        3d120     1%          9
c - Airstrike             Air            91%        2d(14-30) 0%          4
d - Swiftness             Air            100%       N/A       0%          3
e - Mephitic Cloud        Conj/Alch/Air  100%       N/A       0%          3
f - Iskenderun's Mystic   Conj/Tloc      100%       2d19      1%          4
g - Maxwell's Capacitive  Air            91%        ∞         1%          8
h - Plasma Beam           Fire/Air       86%        2x1d105   0%          6
i - Arcjolt               Conj/Air       90%        1d100     0%          5
j - Fireball              Conj/Fire      72%        3d27      0%          5
k - Apportation           Tloc           40%        N/A       1%          1
l - Fire Storm            Conj/Fire      72%        8d18      3%          9

Your spell library contained the following spells:

 Spells                   Type           Power      Damage    Failure   Level
 Shatter                  Erth           28%        3d24*     100%        9
 Magic Dart               Conj           100%       1d8       0%          1
 Shock                    Conj/Air       100%       1d9       0%          1
 Sting                    Conj/Alch      100%       1d9       0%          1
 Cigotuvi's Dreadful Rot  Necr/Alch/Air  100%       N/A       0%          2
 Mercury Vapours          Alch/Air       100%       N/A       0%          2
 Scorch                   Fire           100%       2d9       0%          2
 Static Discharge         Conj/Air       100%       3-8/arc   0%          2
 Dazzling Flash           Conj/Hex       100%       N/A       0%          3
 Stone Arrow              Conj/Erth      100%       3d13      0%          3
 Flame Wave               Conj/Fire      100%       2d21      0%          4
 Fulminant Prism          Conj/Alch      62%        3d26      0%          4
 Necrotise                Necr           80%        1d8       1%          1
 Sandblast                Erth           100%       2d20      1%          1
 Summon Small Mammal      Summ           80%        N/A       1%          1
 Blink                    Tloc           40%        N/A       1%          2
 Call Imp                 Summ           40%        N/A       1%          2
 Sublimation of Blood     Necr           20%        N/A       1%          2
 Frozen Ramparts          Ice            100%       1d16      1%          3
 Fugue of the Fallen      Necr           20%        N/A       1%          3
 Gell's Gravitas          Tloc           20%        N/A       1%          3
 Ozocubu's Armour         Ice            20%        N/A       1%          3
 Passwall                 Erth           20%        N/A       1%          3
 Summon Ice Beast         Ice/Summ       20%        N/A       1%          3
 Teleport Other           Tloc           20%        N/A       1%          3
 Volatile Blastmotes      Fire/Tloc      100%       2d18      1%          3
 Brom's Barrelling Bould  Conj/Erth      100%       2d11      1%          4
 Ignite Poison            Fire/Alch      100%       N/A       1%          4
 Olgreb's Toxic Radiance  Alch           78%        N/A       1%          4
 Sticky Flame             Fire/Alch      100%       2d15      1%          4
 Summon Blazeheart Golem  Fire/Summ      54%        N/A       1%          4
 Summon Lightning Spire   Summ/Air       100%       N/A       1%          4
 Vhi's Electric Charge    Tloc/Air       100%       N/A       1%          4
 Leda's Liquefaction      Alch/Erth      13%        N/A       3%          4
 Petrify                  Alch/Erth      26%        N/A       3%          4
 Anguish                  Hex/Necr       10%        N/A       6%          4
 Animate Armour           Summ/Erth      40%        N/A       6%          4
 Animate Dead             Necr           20%        N/A       6%          4
 Cause Fear               Hex            10%        N/A       6%          4
 Manifold Assault         Tloc           20%        N/A       6%          4
 Passage of Golubria      Tloc           20%        N/A       6%          4
 Freezing Cloud           Conj/Ice/Air   80%        6-21      0%          5
 Conjure Ball Lightning   Conj/Air       90%        3x3d35    0%          6
 Starburst                Conj/Fire      72%        6d19      0%          6
 Orb of Destruction       Conj           76%        9d17      0%          7
 Silence                  Hex/Air        50%        N/A       1%          5
 Bombard                  Conj/Erth      59%        9d10      1%          6
 Spellforged Servitor     Conj/Summ      59%        N/A       1%          7
 Ignition                 Fire           67%        3d18      1%          8
 Lee's Rapid Deconstruct  Erth           28%        3d15*     4%          5
 Lehudib's Crystal Spear  Conj/Erth      59%        10d14     7%          8
 Borgnjor's Vile Clutch   Necr/Erth      10%        N/A       17%         5
 Curse of Agony           Necr           20%        N/A       17%         5
 Metabolic Englaciation   Hex/Ice        10%        N/A       17%         5
 Summon Mana Viper        Hex/Summ       20%        N/A       17%         5
 Sculpt Simulacrum        Ice/Alch       13%        N/A       45%         6
 Death Channel            Necr           10%        N/A       67%         6
 Dispersal                Tloc           10%        N/A       67%         6
 Summon Cactus Giant      Summ           10%        N/A       67%         6
 Ozocubu's Refrigeration  Ice            28%        4d13      75%         7
 Enfeeble                 Hex            10%        N/A       99%         7
 Haunt                    Necr/Summ      10%        N/A       99%         7
 Malign Gateway           Summ/Tloc      10%        N/A       99%         7
 Monstrous Menagerie      Summ           10%        N/A       99%         7
 Summon Hydra             Summ           10%        N/A       99%         7
 Borgnjor's Revivificati  Necr           10%        N/A       100%        8
 Discord                  Hex            10%        N/A       100%        8
 Disjunction              Tloc           10%        N/A       100%        8
 Infestation              Necr           10%        N/A       100%        8
 Summon Horrible Things   Summ           10%        N/A       100%        8
 Death's Door             Necr           10%        N/A       100%        9
 Dragon's Call            Summ           10%        N/A       100%        9
 Polar Vortex             Ice            28%        12d3*     100%        9


Dungeon Overview and Level Annotations

Branches:
Dungeon (15/15)            Temple (1/1) D:7            Lair (5/5) D:9
 Shoals (4/4) Lair:3       Spider (4/4) Lair:2        Slime (5/5) Lair:4
    Orc (2/2) D:12            Elf (3/3) Orc:2        Vaults (5/5) D:14
  Crypt (3/3) Vaults:2       Tomb (0/3) Crypt:3      Depths (4/4) D:15
    Zot (5/5) Depths:4     Bailey (visited)          WizLab (visited)

Altars:
Ashenzari
Cheibriados
Dithmenos
Elyvilon
Fedhas
Gozag
Hepliaklqana
Kikubaaqudgha
Makhleb
Nemelex Xobeh
Okawaru
Qazlal
Ru
Sif Muna
Trog
Uskayaw
Vehumet
Wu Jian
Xom
Yredelemnul
Zin
The Shining One
Jiyva
Lugonu

Shops:
D:14 !   D:15 *   Orc:2 [?!(   Elf:2 =   Shoals:3 (   Vaults:1 !   Depths:1 *
Depths:2 *   Depths:3 :([((   Depths:4 *?!

Portals:
Hell: Depths:1 Depths:2 Depths:3 Depths:4
Abyss: Depths:1 Depths:3
Pandemonium: Depths:2
Ziggurat: Depths:1
Trove: Vaults:2 (give 8 potions of haste)

Annotations:
D:10 exclusion: downstairs
D:14 exclusion: downstairs
Lair:4 exclusion: downstairs
Shoals:3 exclusion: 2 downstairs
Shoals:4 Roxanne
Spider:1 exclusion: downstairs
Elf:2 5 runed translucent doors
Vaults:2 1 runed translucent door, Tang's ghost, master DsGl
Depths:2 3 runed translucent doors, exclusion: obsidian statue, Hijoso's ghost, veteran GnWn
Zot:2 2 transporters, Beclu's ghost, legendary GnSk
Zot:5 1 transporter


Innate Abilities, Weirdness & Mutations

You have a beak for a mouth.
You have claws for feet.
Your magical flight helps you evade attacks. (EV +4)
You can magically evade attacks while moving or waiting.
You have a somewhat thin skeletal structure. (Dex +2, Stealth+)
You are agile. (Dex +4, Str/Int -1)
Your flesh is cold resistant. (rC+)
Armour fits poorly on your strangely shaped body.
Your flesh is heat resistant. (rF+)
Your muscles are strong. (Str +4, Int/Dex -1)


Message History

The bolt of lightning misses the tormentor.
The fiery plasma hits the tormentor!
The tormentor resists.
The tormentor is moderately wounded.
Unknown command.
Casting: Plasma Beam (safe; 0% risk of failure)
Confirm with . or Enter, or press ? or * to list all spells.
Casting: Plasma Beam (safe; 0% risk of failure)
Press: ? - help, Dir - look around, f - activate You feel a strong surge of power!
The bolt of lightning hits the tormentor!!!!
You kill the tormentor!
Vehumet accepts your kill.
You feel your power returning.
Magic restored.
There is a stone staircase leading up here.
You fly upwards.
Your summoned ally is left behind.
Your battlesphere wavers and loses cohesion.
There is a stone staircase leading down here.
There is a stone staircase leading up here.
You fly upwards.
There is a stone staircase leading down here.
You see here 7 stones.
There is a stone staircase leading up here.
You fly upwards.
There is a stone staircase leading down here.
There is a stone staircase leading up here.
You fly upwards.
There is a stone staircase leading down here.
There is an escape hatch in the ceiling here.
A mysterious force pulls you upwards. The hatch slams shut behind you.
There is a stone staircase leading up here.
You fly upwards.
There is a stone staircase leading down here.
You see here a +0 dagger.
You see here a +0 leather armour.
As you open the door, it creaks loudly!
There is an open door here.
There is a staircase leading out of the dungeon here.
Unknown command.
You have escaped!

#.....###.# #.#...P~~~~P
#.#.#.# #.# ##....~~~~~.
#.#.#.# #.# ##.#.~~.~..
#.#.#.# #.# #.#.......
#.#.#.###.########.........
#.#.#............÷.÷.......
#.#.######...#########>####
#.#.# #'#.# #.#
#.#.######@#.# ##.#
#.#......#'#.# ##..####
###.######.#...# #.#.....
#...# #.....# ##......
#.### #.##### #..###. #.#
#.# #..###. ###.### #.#
#..##.. #.....# #.##
#..###. #.#.#.# #..#
#......


There were no monsters in sight!

Vanquished Creatures
  the Royal Jelly (Slime:5)
  Mara (Vaults:3)
  10 orbs of fire
  3 ancient liches
  Xtahua (Crypt:2)
  Boris (Vaults:5)
  Josephina (Crypt:1)
  4 Killer Klowns
  Bai Suzhen (Vaults:3)
  A caustic shrike (Depths:1)
  Saint Roka (Crypt:1)
  4 curse toes
  Nikola (Vaults:3)
  13 golden dragons
  A profane servitor (Crypt:3)
  Jory (Crypt:1)
  2 bone dragons
  A Brimstone Fiend (Depths:3)
  4 electric golems
  2 hellephants (Depths:1)
  A moon troll (WizLab)
  A shard shrike skeleton (Crypt:1)
  A Hell Sentinel (D:14)
  17 tentacled monstrosities
  5 liches
  A walking earthen tome (Depths:2)
  23 Orb Guardians (Zot:5)
  A walking crystal tome (Depths:2)
  7 titans
  4 deep elf master archers (Elf:3)
  3 deep elf blademasters (Elf:3)
  24 acid blobs
  Polyphemus (Shoals:4)
  4 sphinxes
  A walking frostbound tome (Depths:4)
  2 walking divine tomes
  7 quicksilver dragons
  8 death cobs
  Frances (Spider:1)
  7 tentacled starspawn (WizLab)
  13 ancient champions
  4 krakens (Shoals:3)
  11 storm dragons
  9 tengu reavers
  The ghost of hawkwood the Spear-Bearer, an adept DgAr (Lair:3)
  12 shadow dragons
  10 rockslimes
  Aizul (Spider:1)
  The ghost of erfael the Warrior, a journeyman MiBe of Trog (Shoals:2)
  5 draconian knights
  5 draconian monks
  4 revenants
  5 protean progenitors
  7 frost giants
  12 draconian shifters
  14 vault wardens
  9 deep elf sorcerers
  14 fire giants
  11 azure jellies
  3 iron dragons
  3 ghost moths (Spider:4)
  6 draconian scorchers
  5 deep elf elementalists (Elf:3)
  4 emperor scorpions
  2 draconian stormcallers
  6 curse skulls
  2 orc warlords
  19 ironbound preservers
  3 broodmothers
  7 formless jellyfish
  3 ghouls
  2 cacodemons (WizLab)
  27 very ugly things
  4 draconian annihilators
  3 reapers
  An ironbound thunderhulk (Vaults:1)
  9 quicksilver oozes
  3 caustic shrike skeletons (Crypt:1)
  27 stone giants
  2 juggernaut skeletons (Crypt:1)
  7 deep elf demonologists
  9 vampire knights
  12 black draconians
  5 war gargoyles
  4 deep elf death magi
  6 red draconians
  8 deep elf annihilators
  7 purple draconians
  11 white draconians
  5 spark wasps
  19 yellow draconians
  6 dire elephants (Vaults:2)
  3 green draconians
  5 starcursed masses (WizLab)
  An eidolon (Crypt:2)
  7 entropy weavers
  A mummy priest (Crypt:3)
  7 jiangshi
  12 fire dragons
  6 merfolk javelineers
  21 ettins
  3 crystal guardians
  8 merfolk impalers
  A fenstrider witch zombie (Crypt:3)
  6 deep elf high priests
  3 rakshasas
  14 yaktaur captains
  16 great orbs of eyes
  31 vault guards
  3 hydras
  A pearl dragon skeleton (Crypt:1)
  6 ice dragons
  2 spriggan air magi
  A quicksilver dragon skeleton (Crypt:3)
  A jorogumo (Spider:2)
  2 peacekeepers
  13 boulder beetles
  6 radroaches
  9 centaur warriors
  A merfolk avatar (Shoals:1)
  4 catoblepae
  5 ogre magi
  2 satyrs
  7 ironbound frosthearts
  A fenstrider witch skeleton (Crypt:1)
  3 merfolk aquamancers (Shoals:4)
  16 two-headed ogres
  17 dancing weapons
  A death knight (Crypt:1)
  A bennu skeleton (Crypt:3)
  15 death yaks
  6 vampire magi
  13 tengu warriors
  6 deep troll earth magi
  5 deep troll shamans
  2 demonic crawlers
  An occultist (Depths:3)
  3 orc high priests
  7 spriggan berserkers
  3 hell hogs (Depths:1)
  4 soul eaters
  A hellephant skeleton (Crypt:1)
  An emperor scorpion zombie (Crypt:1)
  6 spriggans
  Urug (Lair:1)
  8 deep elf knights
  2 hell knights
  6 skysharks
  A storm dragon skeleton (Crypt:1)
  2 shadow wraiths
  33 skeletal warriors
  5 pharaoh ants
  14 sea snakes
  An orange crystal statue (WizLab)
  7 iron trolls
  6 arcanists
  A goliath frog (Zot:5)
  An anaconda zombie (Crypt:1)
  11 orb spiders
  10 glowing orange brains
  43 deep trolls
  A fire crab (shapeshifter) (D:13)
  Lodul (D:14)
  3 anaconda skeletons (Crypt:1)
  A lindwurm (shapeshifter) (Depths:1)
  2 lindwurms (Vaults:1)
  A sun moth (Spider:3)
  3 steelbarb worms
  Pikel (D:8)
  2 flayed ghosts
  19 deep elf archers
  7 phantasmal warriors
  3 mana vipers (shapeshifter) (Vaults:5)
  A steelbarb worm (shapeshifter) (Vaults:5)
  4 necromancers
  9 orc knights
  12 ironbound convokers
  2 human zombies
  4 spectral merfolk (Shoals:2)
  19 wolf spiders
  11 harpies
  7 shining eyes
  A sphinx simulacrum (D:15)
  7 fauns (Shoals:3)
  33 deep elf pyromancers
  25 deep elf zephyrmancers
  8 orc sorcerers
  A shining eye (shapeshifter) (Depths:1)
  An iron dragon skeleton (Crypt:3)
  A stone giant zombie (Crypt:3)
  40 ugly things
  8 cyclopes
  A salamander (shapeshifter) (Elf:1)
  6 meliai
  A shock serpent zombie (Crypt:1)
  8 elephants
  37 moths of wrath
  A fire giant skeleton (Vaults:1)
  14 manticores
  A stone giant skeleton (Vaults:3)
  An elephant (shapeshifter) (Vaults:5)
  2 naga zombies (Crypt:1)
  2 kobold blastminers (Orc:1)
  7 black mambas
  Maurice (D:11)
  A meliai (shapeshifter) (D:15)
  17 vault sentinels
  5 water nymphs
  12 merfolk sirens
  2 guardian serpents (Depths:3)
  6 torpor snails
  11 eyes of devastation
  2 centaur skeletons (Crypt:3)
  An emperor scorpion simulacrum (Crypt:1)
  9 cane toads
  3 rime drakes
  2 unseen horrors
  Jeremiah (D:7)
  An alligator snapping turtle skeleton (Crypt:3)
  10 komodo dragons
  24 yaktaurs
  A white draconian skeleton (Crypt:2)
  An ice devil (Depths:1)
  3 kobold demonologists (D:10)
  A tormentor (D:7)
  An efreet (D:14)
  A bunyip simulacrum (Crypt:1)
  3 freezing wraiths
  A merfolk (shapeshifter) (Vaults:5)
  3 tengu conjurers
  28 merfolk
  2 anaconda simulacra
  7 guardian mummies
  4 harpy zombies (Crypt:1)
  A red devil (Zot:5)
  6 hornets
  A spectral harpy (Shoals:2)
  5 trolls
  22 tarantellas
  4 polar bears
  Prince Ribbit (D:6)
  3 hydra skeletons (Crypt:1)
  7 wind drakes
  4 harpy skeletons
  11 snapping turtles
  A fire dragon zombie (Crypt:3)
  21 dream sheep
  26 blink frogs
  5 glass eyes
  127 slime creatures
  2 spectral manticores (Shoals:2)
  A centaur simulacrum (Crypt:1)
  26 jumping spiders
  Sigmund (D:6)
  An ettin skeleton (Crypt:3)
  An air elemental (Elf:2)
  29 culicivoras
  An ettin zombie (Vaults:3)
  6 vampires
  3 wyverns
  A shadow (D:13)
  8 water elementals
  7 wraiths
  An ice dragon skeleton (Crypt:2)
  48 yaks
  3 fire elementals
  2 wargs (Orc:1)
  3 basilisks
  2 neqoxecs (WizLab)
  A black mamba skeleton (Crypt:2)
  9 golden eyes
  59 redbacks
  4 vampire mosquitoes (D:12)
  8 steam dragons
  An acid dragon (D:9)
  2 harpy simulacra (Shoals:2)
  A swamp worm (shapeshifter) (Elf:3)
  A two-headed ogre zombie (Crypt:1)
  10 water moccasins
  A demonspawn skeleton (Crypt:1)
  A hornet zombie (Crypt:1)
  5 ice beasts
  A black bear (Lair:2)
  A dream sheep zombie (Crypt:2)
  36 orc warriors
  An ettin simulacrum (Crypt:1)
  A sky beast (D:8)
  39 ogres
  5 wolves (Lair:1)
  3 boggarts (Vaults:1)
  11 centaurs
  6 laughing skulls (Crypt:1)
  2 phantoms
  A hog skeleton (Crypt:2)
  2 human skeletons (Vaults:1)
  4 lemures (D:8)
  9 bullfrogs
  5 kobold brigands
  5 gnoll sergeants
  4 scorpions
  3 earth elementals (Elf:1)
  A yaktaur skeleton (Crypt:2)
  A cyclops zombie (Crypt:1)
  12 wights
  20 killer bees
  A snapping turtle simulacrum (Shoals:2)
  A raiju skeleton (Crypt:3)
  2 vampire bats (Lair:3)
  3 electric eels
  A gnoll bouda (D:7)
  A bombardier beetle (D:5)
  4 hounds
  7 jellies
  18 orc priests
  A sleepcap (D:6)
  A black bear skeleton (Crypt:3)
  7 iguanas
  16 orc wizards
  A hound skeleton (Crypt:2)
  22 gnolls
  8 adders
  A steam dragon skeleton (Crypt:1)
  3 shadow imps
  A white imp (D:7)
  4 ufetubi
  A lava snake skeleton (Crypt:1)
  5 dart slugs
  A ribbon worm (D:4)
  117 orcs
  9 ball pythons
  13 bats
  A bat zombie (Crypt:3)
  8 endoplasms
  5 giant cockroaches
  A gnoll zombie (Crypt:2)
  8 goblins
  13 hobgoblins
  4 jackals (D:1)
  19 kobolds
  2 frilled lizards
  A frilled lizard skeleton (Crypt:3)
  A jackal skeleton (Crypt:2)
  4 rats
  5 aspiring fleshes
  3 butterflies
  3 starspawn tentacles (WizLab)
  4 tentacles (Shoals:3)
2514 creatures vanquished.

Vanquished Creatures (collateral kills)
  A wolf spider (Spider:2)
1 creature vanquished.

Vanquished Creatures (others)
  3 fire vortices (Zot:5)
  5 starspawn tentacles (WizLab)
  13 tentacles (Shoals:3)
21 creatures vanquished.

Grand Total: 2536 creatures vanquished

Notes
Turn   | Place    | Note
-------+----------+-------------------------------------------
     0 | D:1      | DrFunkyFeet the Tengu Air Elementalist began the quest for
                  | the Orb.
     0 | D:1      | Reached XP level 1. HP: 10/10 MP: 4/4
   279 | D:1      | Reached XP level 2. HP: 16/16 MP: 1/6
   295 | D:1      | Learned a level 2 spell: Static Discharge
   568 | D:1      | Reached skill level 1 in Fighting
   617 | D:1      | Reached XP level 3. HP: 20/20 MP: 3/7
  1563 | D:2      | Reached XP level 4. HP: 25/25 MP: 3/8
  1568 | D:2      | Learned a level 4 spell: Airstrike
  2027 | D:2      | Reached skill level 5 in Air Magic
  3065 | D:4      | Reached XP level 5. HP: 30/30 MP: 0/10
  3275 | D:4      | Found a bloodstained altar of Trog.
  3276 | D:4      | Noticed a phantom
  3284 | D:4      | Killed a phantom
  3285 | D:4      | Reached skill level 6 in Air Magic
  3285 | D:4      | Reached XP level 6. HP: 30/36 MP: 2/11
  3570 | D:4      | Found an ornate altar of the Wu Jian Council.
  3698 | D:4      | Found an opulent altar of Gozag.
  3752 | D:4      | Found a stormy altar of Qazlal.
  5003 | D:5      | Entered Level 5 of the Dungeon
  5114 | D:4      | Gained mutation: Your magical flight helps you evade
                  | attacks. (EV +4) [Tengu growth]
  5114 | D:4      | Reached XP level 7. HP: 26/40 MP: 6/13
  5179 | D:5      | Reached skill level 7 in Air Magic
  5466 | D:5      | Identified the +0 robe of Intense Wonder {+Blink rN++
                  | Will-}
  5601 | D:5      | Found a glowing golden altar of the Shining One.
  5632 | D:5      | Reached skill level 5 in Conjurations
  5851 | D:5      | Reached skill level 8 in Air Magic
  5863 | D:5      | Reached XP level 8. HP: 38/46 MP: 6/15
  5929 | D:5      | Found a glowing silver altar of Zin.
  5931 | D:5      | Found a burning altar of Makhleb.
  5937 | D:5      | Found an iron altar of Okawaru.
  5938 | D:5      | Found a sacrificial altar of Ru.
  5940 | D:5      | Found a basalt altar of Yredelemnul.
  6179 | D:5      | Found an ancient bone altar of Kikubaaqudgha.
  6181 | D:5      | Found a hazy altar of Hepliaklqana.
  6186 | D:5      | Found a radiant altar of Vehumet.
  6190 | D:5      | Became a worshipper of Vehumet
  6565 | D:6      | Found a blossoming altar of Fedhas.
  6586 | D:6      | Noticed Prince Ribbit
  6594 | D:6      | Killed Prince Ribbit
  6595 | D:6      | Reached skill level 9 in Air Magic
  7058 | D:6      | Noticed Sigmund
  7091 | D:6      | Killed Sigmund
  7092 | D:6      | Reached XP level 9. HP: 50/50 MP: 7/17
  7170 | D:6      | Reached skill level 5 in Spellcasting
  7246 | D:6      | Reached skill level 10 in Air Magic
  7467 | D:6      | Learned a level 3 spell: Swiftness
  7497 | D:6      | Reached skill level 5 in Stealth
  7946 | D:6      | Reached * piety under Vehumet
  7946 | D:6      | Offered knowledge of Sting by Vehumet.
  8122 | D:7      | Found a staircase to the Ecumenical Temple.
  8364 | D:7      | Reached skill level 11 in Air Magic
  8546 | Temple   | Entered the Ecumenical Temple
  8602 | D:7      | Noticed Jeremiah
  8809 | D:7      | Reached ** piety under Vehumet
  8809 | D:7      | Offered knowledge of Mercury Vapours by Vehumet.
  8905 | D:7      | Killed Jeremiah
  8906 | D:7      | Reached XP level 10. HP: 51/58 MP: 8/19
  9072 | D:7      | Reached skill level 12 in Air Magic
  9245 | D:7      | Reached skill level 5 in Fighting
  9458 | D:7      | Offered knowledge of Mephitic Cloud by Vehumet.
  9525 | D:7      | Learned a level 3 spell: Mephitic Cloud
  9828 | D:7      | Found a shadowy altar of Dithmenos.
 10062 | D:8      | Reached *** piety under Vehumet
 10332 | D:8      | Reached skill level 1 in Alchemy
 10333 | D:8      | Reached skill level 13 in Air Magic
 10339 | D:8      | Noticed Pikel
 10346 | D:8      | Killed Pikel
 10346 | D:8      | Offered knowledge of Ignite Poison by Vehumet.
 10398 | D:8      | Found a flagged portal.
 10407 | Bailey   | Entered a bailey
 10621 | Bailey   | Reached **** piety under Vehumet
 10769 | Bailey   | Noticed an orc knight
 10791 | Bailey   | Killed an orc knight
 11335 | D:9      | Reached XP level 11. HP: 64/64 MP: 16/22
 11463 | D:9      | Reached skill level 14 in Air Magic
 11864 | D:9      | Found a staircase to the Lair.
 11987 | D:9      | You are sucked into a shaft and drop 3 floors!
 12042 | D:10     | Entered Level 10 of the Dungeon
 12342 | D:10     | Offered knowledge of Sticky Flame by Vehumet.
 12456 | D:10     | Reached skill level 15 in Air Magic
 13510 | D:11     | Noticed a boulder beetle
 13688 | Lair:1   | Entered Level 1 of the Lair of Beasts
 13942 | Lair:1   | Reached ***** piety under Vehumet
 14012 | Lair:1   | Reached skill level 16 in Air Magic
 14016 | Lair:1   | Reached XP level 12. HP: 27/73 MP: 11/25
 14040 | Lair:1   | Offered knowledge of Iskenderun's Mystic Blast by Vehumet.
 14050 | D:9      | Learned a level 4 spell: Iskenderun's Mystic Blast
 14240 | Lair:1   | Noticed Urug
 14251 | Lair:1   | Killed Urug
 14378 | Lair:1   | Learned a level 8 spell: Maxwell's Capacitive Coupling
 14868 | Lair:2   | Found a hole to the Spider Nest.
 15005 | Lair:2   | Reached skill level 1 in Armour
 15229 | Lair:2   | Reached skill level 17 in Air Magic
 16376 | Lair:3   | Found a runed translucent gate.
 16377 | Lair:3   | Found a runed translucent gate.
 16378 | Lair:3   | Found a runed translucent gate.
 16381 | Lair:3   | Noticed hawkwood's ghost (adept DgAr)
 16812 | Lair:3   | Noticed a skyshark
 16815 | Lair:3   | Reached skill level 18 in Air Magic
 16828 | Lair:3   | Killed a skyshark
 17363 | Lair:3   | Found a staircase to the Shoals.
 17382 | Lair:3   | Reached XP level 13. HP: 45/80 MP: 20/27
 18795 | Lair:4   | Reached skill level 10 in Spellcasting
 18795 | Lair:4   | Reached skill level 19 in Air Magic
 19008 | Lair:4   | Offered knowledge of Yara's Violent Unravelling by Vehumet.
 19012 | Lair:4   | Reached skill level 10 in Fighting
 19277 | Lair:4   | Found a viscous altar of Jiyva.
 19278 | Lair:4   | Found a staircase to the Slime Pits.
 19663 | Lair:5   | Entered Level 5 of the Lair of Beasts
 20348 | Lair:4   | Learned a level 4 spell: Flame Wave
 20617 | Lair:5   | Reached skill level 1 in Fire Magic
 20670 | Lair:5   | Reached skill level 5 in Dodging
 20670 | Lair:5   | Reached skill level 20 in Air Magic
 21161 | Lair:5   | Reached XP level 14. HP: 88/88 MP: 29/29
 22482 | Lair:5   | Reached skill level 21 in Air Magic
 22699 | Lair:5   | Identified the +12 rapier of the Mind {freeze, Will+}
 23502 | Lair:5   | Reached skill level 5 in Fire Magic
 24652 | D:11     | Noticed Maurice
 24660 | D:11     | Killed Maurice
 25423 | D:12     | Offered knowledge of Arcjolt by Vehumet.
 25432 | D:11     | Learned a level 5 spell: Arcjolt
 25578 | D:12     | Found a staircase to the Orcish Mines.
 25584 | Orc:1    | Entered Level 1 of the Orcish Mines
 25789 | Orc:2    | Entered Level 2 of the Orcish Mines
 25806 | Orc:2    | Reached XP level 15. HP: 62/92 MP: 8/30
 26078 | Orc:2    | Reached skill level 22 in Air Magic
 26340 | Orc:1    | Offered knowledge of Plasma Beam by Vehumet.
 26384 | Orc:1    | Learned a level 6 spell: Plasma Beam
 26968 | Orc:2    | Reached skill level 10 in Conjurations
 27196 | Orc:2    | Found a staircase to the Elven Halls.
 27347 | Orc:2    | Found Wyink's Weapon Emporium.
 27347 | Orc:2    | Found Utasaux's Distillery.
 27347 | Orc:2    | Found Kilaifro's Weapon Boutique.
 27347 | Orc:2    | Found Nutudere's Magic Scroll Shoppe.
 27355 | Orc:2    | Bought a scroll of blinking for 105 gold pieces
 27376 | Orc:2    | Found Woicse's Antique Armour Boutique.
 27402 | Orc:2    | Bought an embroidered cloak for 165 gold pieces
 28859 | D:13     | Reached skill level 23 in Air Magic
 29477 | D:14     | Noticed Lodul
 29480 | D:14     | Killed Lodul
 29739 | D:14     | Reached XP level 16. HP: 94/97 MP: 21/32
 30038 | D:14     | Found Imefyzu's Distillery.
 30046 | D:14     | Bought a potion of heal wounds for 80 gold pieces
 30058 | D:14     | Found a gate to the Vaults.
 30151 | D:15     | Entered Level 15 of the Dungeon
 30503 | D:15     | Found Guhyv's Assorted Antiques.
 31068 | D:15     | Reached skill level 10 in Dodging
 31447 | D:15     | Found a staircase to the Depths.
 31660 | Elf:1    | Entered Level 1 of the Elven Halls
 32554 | Elf:1    | Offered knowledge of Conjure Ball Lightning by Vehumet.
 32778 | Elf:1    | Reached skill level 24 in Air Magic
 34610 | Elf:2    | Reached XP level 17. HP: 43/102 MP: 22/34
 34658 | Elf:2    | Found Wit Puvun's Jewellery Shop.
 34837 | Elf:2    | Bought a ring of willpower for 450 gold pieces
 35285 | Elf:2    | Found a huge runed translucent gate.
 35285 | Elf:2    | Found a huge runed translucent gate.
 35285 | Elf:2    | Found a huge runed translucent gate.
 35285 | Elf:2    | Found a huge runed translucent gate.
 35285 | Elf:2    | Found a huge runed translucent gate.
 35695 | Shoals:1 | Entered Level 1 of the Shoals
 35885 | Shoals:1 | Reached skill level 25 in Air Magic
 36872 | Shoals:2 | Found a runed translucent gate.
 36872 | Shoals:2 | Found a runed translucent gate.
 36872 | Shoals:2 | Found a runed translucent gate.
 36872 | Shoals:2 | Noticed erfael's ghost (journeyman MiBe)
 37359 | Shoals:2 | Offered knowledge of Fireball by Vehumet.
 37368 | Shoals:2 | Learned a level 5 spell: Fireball
 38923 | Shoals:3 | Found Oraxixta's Antique Weapon Emporium.
 39180 | Shoals:3 | Noticed a kraken
 39180 | Shoals:3 | Noticed a kraken
 39199 | Shoals:3 | Noticed a kraken
 39206 | Shoals:3 | Killed a kraken
 39281 | Shoals:3 | Killed a kraken
 39374 | Shoals:3 | Noticed a kraken
 39381 | Shoals:3 | Killed a kraken
 39465 | Shoals:3 | Killed a kraken
 39741 | Shoals:4 | Entered Level 4 of the Shoals
 39859 | Shoals:3 | Offered knowledge of Bombard by Vehumet.
 40587 | Shoals:4 | Reached XP level 18. HP: 110/110 MP: 36/36
 41178 | Shoals:4 | Reached skill level 26 in Air Magic
 41722 | Shoals:4 | Got a barnacled rune of Zot
 41925 | Shoals:4 | Identified the ring of Civen {rPois rN+ Int-5 Dex+4 Slay+2}
 42295 | Shoals:4 | Identified the quicksilver dragon scales "Yptokusu" {Harm
                  | Will+ Stlth+}
 42601 | Shoals:4 | Noticed Polyphemus
 42604 | Shoals:4 | Killed Polyphemus
 43057 | Shoals:4 | Reached skill level 10 in Fire Magic
 43091 | Shoals:4 | Found a basalt altar of Yredelemnul.
 43230 | Shoals:4 | Noticed Roxanne
 43309 | Shoals:4 | Identified the +0 ring mail of Fedhas's Favour {rC+++ Int-5
                  | Slay-3 SInv}
 43410 | Shoals:4 | Found a glowing silver altar of Zin.
 43721 | Lair:2   | Learned a level 5 spell: Irradiate
 43722 | Spider:1 | Entered Level 1 of the Spider Nest
 43724 | Spider:1 | Identified the serpent talisman of Hairiness {rC+}
 43724 | Spider:1 | Noticed Aizul
 43727 | Spider:1 | Noticed Frances
 43739 | Spider:1 | Reached ****** piety under Vehumet
 43755 | Spider:1 | Offered knowledge of Fire Storm by Vehumet.
 43755 | Spider:1 | Offered knowledge of Shatter by Vehumet.
 43755 | Spider:1 | Offered knowledge of Chain Lightning by Vehumet.
 43872 | Spider:1 | Killed Frances
 43878 | Spider:1 | Killed Aizul
 44657 | Spider:2 | Reached skill level 15 in Conjurations
 44673 | Spider:1 | Gained mutation: You are dopey. (Int -2) [mutagenic glow]
 44937 | Spider:1 | Lost mutation: You are dopey. (Int -2) [potion of mutation]
 44937 | Spider:1 | Gained mutation: Your flesh is heat resistant. (rF+)
                  | [potion of mutation]
 44937 | Spider:1 | Gained mutation: You are agile. (Dex +4, Str/Int -1)
                  | [potion of mutation]
 45085 | Spider:1 | Reached skill level 27 in Air Magic
 45364 | Spider:1 | Reached XP level 19. HP: 111/116 MP: 36/38
 47786 | Spider:3 | Reached skill level 1 in Shields
 48207 | Spider:4 | Entered Level 4 of the Spider Nest
 49630 | Spider:4 | Identified the +2 bardiche "Volasaib" {drain, rElec Int+5}
 51600 | Spider:4 | Identified the +0 pair of boots "Utwusto" {rPois rF+ rN+
                  | Regen+}
 51636 | Spider:4 | Got a gossamer rune of Zot
 52124 | Elf:3    | Entered Level 3 of the Elven Halls
 52135 | Elf:3    | Reached skill level 15 in Spellcasting
 54675 | Elf:3    | Identified the +2 robe of Huneamn {Str-4 Int+5 SInv Stlth+}
 54675 | Elf:3    | Identified the ring of the Fortifying Coward {rC+ AC+4
                  | Str+2 Int+4 Stlth+}
 54875 | Elf:3    | Reached XP level 20. HP: 108/121 MP: 22/40
 55782 | Elf:3    | Identified the +0 chain mail of Heixaiz {rElec Str+7 Dex+2
                  | Stlth-}
 56033 | Elf:3    | Identified the staff "Guen Ihu" {rPois Tloc Earth}
 56346 | Lair:3   | Killed hawkwood's ghost
 56544 | Vaults:1 | Entered Level 1 of the Vaults
 57305 | Vaults:1 | Found Efaetih's Distillery.
 57313 | Vaults:1 | Bought a potion of enlightenment for 100 gold pieces
 57313 | Vaults:1 | Bought a potion of curing for 60 gold pieces
 57313 | Vaults:1 | Bought a potion of curing for 60 gold pieces
 57454 | Vaults:1 | You are sucked into a shaft and drop 1 floor!
 57703 | Vaults:1 | Learned a level 9 spell: Chain Lightning
 58050 | Vaults:2 | Found a runed translucent door.
 58136 | Vaults:2 | Found a portal to a secret trove of treasure.
 58695 | Vaults:2 | Identified the amulet of Tosamon {rN+ Regen+ Str+3}
 59622 | Vaults:2 | Found a staircase to the Crypt.
 59622 | Vaults:2 | Found a basalt altar of Yredelemnul.
 59622 | Vaults:2 | Found an ancient bone altar of Kikubaaqudgha.
 59672 | Vaults:2 | Reached skill level 5 in Armour
 59693 | Vaults:2 | Reached XP level 21. HP: 128/128 MP: 33/43
 60076 | Vaults:2 | Noticed Tang's ghost (master DsGl)
 60533 | Vaults:3 | Noticed Bai Suzhen
 60537 | Vaults:3 | Killed Bai Suzhen
 61264 | Vaults:3 | Noticed Mara
 61268 | Vaults:3 | Killed Mara
 61331 | Vaults:3 | Noticed Nikola
 61335 | Vaults:3 | Killed Nikola
 62038 | Vaults:3 | Learned a level 1 spell: Apportation
 62372 | Vaults:3 | Identified the staff "Micar" {rF+ Dex+4 Hexes Fire}
 62928 | Vaults:4 | Found a runed translucent door.
 63770 | Depths:1 | Entered Level 1 of the Depths
 63960 | Depths:1 | Found a magical portal.
 63967 | WizLab   | Entered Lehudib's Moon Base
 64144 | WizLab   | Reached XP level 22. HP: 134/138 MP: 39/45
 64941 | WizLab   | Gained mutation: You occasionally lose the ability to read
                  | scrolls when taking damage. [a cacodemon]
 65508 | WizLab   | Found a transporter.
 65565 | WizLab   | Found a transporter.
 65850 | WizLab   | Reached skill level 15 in Fighting
 65911 | WizLab   | Identified the +0 war axe of Starshine {pain, rPois rCorr
                  | Dex+5 Stlth+}
 65912 | WizLab   | Identified the +0 pair of boots of Valour {SInv}
 65993 | Depths:1 | Found a gateway to Hell.
 66096 | Depths:1 | Found Beic's Assorted Antiques.
 66114 | Depths:1 | Found a one-way gateway to a ziggurat.
 66656 | Depths:1 | Noticed a caustic shrike
 66659 | Depths:1 | Killed a caustic shrike
 66891 | Depths:1 | Reached skill level 10 in Armour
 66947 | Depths:1 | Identified the +10 mace of Conflict {flame, Int+3 Dex+6}
 67023 | Depths:1 | Identified the +0 leather armour of the End {Int+2}
 67320 | Depths:1 | Reached XP level 23. HP: 146/146 MP: 44/46
 67555 | Depths:1 | Found a corrupted altar of Lugonu.
 67556 | Depths:1 | Found a one-way gate to the infinite horrors of the Abyss.
 67877 | Depths:1 | Found a shimmering blue altar of Sif Muna.
 68360 | Depths:2 | Found a runed translucent gate.
 68360 | Depths:2 | Found a runed translucent gate.
 68360 | Depths:2 | Found a runed translucent gate.
 68361 | Depths:2 | Found an opulent altar of Gozag.
 68367 | Depths:2 | Identified the +2 ring mail of Biloxira {Dex+5}
 68371 | Depths:2 | Noticed a golden dragon
 68372 | Depths:2 | Noticed Hijoso's ghost (veteran GnWn)
 68373 | Depths:2 | Found Hiusin's Assorted Antiques.
 68586 | Depths:2 | Identified the +0 ring mail of Valiance {Stlth+}
 68739 | Depths:2 | Noticed a golden dragon
 68743 | Depths:2 | Killed a golden dragon
 68997 | Depths:2 | Found a one-way gate leading to the halls of Pandemonium.
 70168 | Depths:2 | Identified the +0 leather armour of Acvu {rF+ Int+4}
 70730 | Depths:3 | Noticed a golden dragon
 70734 | Depths:3 | Killed a golden dragon
 71065 | Depths:3 | Found Gozag's Antique Weapon Shoppe.
 71070 | Depths:3 | Found an opulent altar of Gozag.
 71070 | Depths:3 | Found Gozag's Antique Armour Shoppe.
 71078 | Depths:3 | Found Gozag's Antique Weapon Emporium.
 71090 | Depths:3 | You are sucked into a shaft and drop 1 floor!
 71090 | Depths:4 | Entered Level 4 of the Depths
 71096 | Depths:4 | Reached skill level 5 in Shields
 71183 | Depths:3 | Found Ebejigh's Weapon Shop.
 71184 | Depths:3 | Found Sugeatis's Book Boutique.
 71198 | Depths:3 | Bought a manual of Shields for 1200 gold pieces
 71557 | Depths:4 | Noticed a golden dragon
 71561 | Depths:4 | Killed a golden dragon
 71860 | Depths:4 | Reached skill level 15 in Dodging
 72294 | Depths:4 | Found a gate to the Realm of Zot.
 72324 | Depths:4 | Found Jery's General Store.
 72326 | Depths:4 | Found Qoasiuce's Magic Scroll Shoppe.
 72328 | Depths:4 | Found Zuniut's Distillery.
 72334 | Depths:4 | Bought a scroll of teleportation for 66 gold pieces
 72334 | Depths:4 | Bought a scroll of teleportation for 66 gold pieces
 72334 | Depths:4 | Bought a scroll of revelation for 165 gold pieces
 72336 | Depths:4 | Bought a book of Dangerous Friends for 714 gold pieces
 72340 | Depths:4 | Bought a potion of brilliance for 96 gold pieces
 72340 | Depths:4 | Bought a potion of cancellation for 192 gold pieces
 72340 | Depths:4 | Bought a potion of magic for 192 gold pieces
 72340 | Depths:4 | Bought a potion of heal wounds for 120 gold pieces
 72820 | Depths:4 | Reached XP level 24. HP: 156/156 MP: 46/46
 73272 | Slime:1  | Entered Level 1 of the Pits of Slime
 73979 | Slime:1  | Gained mutation: You have hidden genetic defects. [a
                  | shining eye]
 73983 | Slime:1  | Gained mutation: Your magical capacity is low. (-10% MP) [a
                  | shining eye]
 73986 | Slime:2  | Lost mutation: Your flesh is heat resistant. (rF+) [potion
                  | of mutation]
 73986 | Slime:2  | Lost mutation: You have hidden genetic defects. [potion of
                  | mutation]
 73986 | Slime:2  | Lost mutation: You occasionally lose the ability to read
                  | scrolls when taking damage. [potion of mutation]
 73986 | Slime:2  | Gained mutation: You occasionally shout uncontrollably at
                  | your foes. [potion of mutation]
 73986 | Slime:2  | Gained mutation: Armour fits poorly on your strangely
                  | shaped body. [potion of mutation]
 73986 | Slime:2  | Gained mutation: Your muscles are strong. (Str +4, Int/Dex
                  | -1) [potion of mutation]
 73987 | Slime:2  | Lost mutation: You occasionally shout uncontrollably at
                  | your foes. [potion of mutation]
 73987 | Slime:2  | Lost mutation: Your magical capacity is low. (-10% MP)
                  | [potion of mutation]
 73987 | Slime:2  | Gained mutation: Your flesh is cold resistant. (rC+)
                  | [potion of mutation]
 73987 | Slime:2  | Gained mutation: Your flesh is heat resistant. (rF+)
                  | [potion of mutation]
 73987 | Slime:2  | Gained mutation: You have a somewhat thin skeletal
                  | structure. (Dex +2, Stealth+) [potion of mutation]
 73996 | Slime:1  | Paralysed by a formless jellyfish for 1 turns
 74424 | Slime:3  | Found a viscous altar of Jiyva.
 74474 | Slime:3  | You are sucked into a shaft and drop 1 floor!
 75313 | Slime:5  | Entered Level 5 of the Pits of Slime
 75377 | Slime:5  | Noticed the Royal Jelly
 75382 | Slime:5  | Killed the Royal Jelly
 75383 | Slime:5  | Reached skill level 10 in Shields
 75647 | Slime:5  | Found the +8 lance "Wyrmbane" {slay drac, rPois rF+ rC+
                  | AC+3}
 75648 | Slime:5  | Identified a scroll of acquirement
 75655 | Slime:5  | Acquired the staff of Fate {rElec Int+3 Air}
 75679 | Slime:5  | Got the Dissertation on Erosion
 75901 | Slime:5  | Identified the +5 war axe of Bodily Humours {antimagic,
                  | ^Drain rPois Str+8}
 75904 | Slime:5  | Got a slimy rune of Zot
 75965 | Slime:5  | Identified the +5 morningstar "Qohed" {drain, rElec rPois
                  | rN+++ MP-9}
 76077 | Slime:5  | Identified the +2 arbalest of Seymium {heavy, rCorr Str+3}
 76080 | Slime:5  | Identified the +2 pair of gloves of Courage {^Contam Str+9
                  | Int+9}
 76982 | Shoals:2 | Killed erfael's ghost
 76992 | Shoals:2 | Identified the scarf of New Discoveries {rC+ rF+, ^Drain
                  | Str+3}
 77342 | Vaults:5 | Entered Level 5 of the Vaults
 77346 | Vaults:5 | Noticed Boris
 77352 | Vaults:5 | Reached XP level 25. HP: 148/164 MP: 46/46
 77354 | Vaults:5 | Killed Boris
 77514 | Vaults:5 | Reached skill level 15 in Armour
 77563 | Vaults:5 | Noticed an ancient lich
 77577 | Vaults:5 | Identified the +8 plate armour of Lays {Str+9 Int+3}
 77817 | Vaults:5 | Killed an ancient lich
 78193 | Vaults:5 | Got a silver rune of Zot
 78404 | Vaults:5 | Identified the staff "Sarcophage" {rF+ Will+ Str+4 Hexes
                  | Fire Earth}
 78727 | Vaults:5 | Identified the +9 dagger of Integrity {heavy, rF+ Dex+5}
 78865 | Vaults:5 | Found the +3 pair of gauntlets of War {Slay+5}
 78871 | Vaults:5 | Identified the +2 cloak of the Pits of Slime {+Blink Int+2}
 79046 | Crypt:1  | Entered Level 1 of the Crypt
 79052 | Crypt:1  | Noticed Jory
 79053 | Crypt:1  | Killed Jory
 80109 | Crypt:1  | Noticed Saint Roka
 80114 | Crypt:1  | Killed Saint Roka
 80259 | Crypt:1  | Reached XP level 26. HP: 175/175 MP: 45/46
 80287 | Crypt:1  | Identified the ring of Ru's Anger {Wiz rCorr Dex+5}
 80632 | Crypt:1  | Identified the ring of the Scavenger {rElec rC+ Will+ Str+2
                  | Int-2}
 81381 | Crypt:1  | Found an ancient bone altar of Kikubaaqudgha.
 82037 | Crypt:1  | Identified the ring of Vem Guw {Ice *Slow Dex+7 Stlth+}
 82037 | Crypt:1  | Noticed Josephina
 82120 | Crypt:1  | Killed Josephina
 82350 | Crypt:2  | Noticed Xtahua
 82354 | Crypt:2  | Killed Xtahua
 82355 | Crypt:2  | Reached skill level 15 in Fire Magic
 83225 | Crypt:3  | Entered Level 3 of the Crypt
 84995 | Crypt:3  | Identified the ring "Timn" {rN+ Will++ MP+9 Slay+6}
 85114 | Crypt:2  | Found a basalt altar of Yredelemnul.
 85148 | Crypt:3  | Identified the ring of Tomorrow {rC+ rN+ Int-4 Slay+2}
 85523 | Crypt:3  | Found a basalt altar of Yredelemnul.
 85530 | Crypt:3  | Found an ancient bone altar of Kikubaaqudgha.
 85604 | Crypt:3  | Found the sphere of Battle
 85610 | Crypt:3  | Got the Papyrus of Malignant Liturgies
 85758 | Crypt:3  | Found a staircase to the Tomb.
 86115 | Depths:4 | Learned a level 9 spell: Fire Storm
 86160 | Zot:1    | Entered Level 1 of the Realm of Zot
 86178 | Zot:1    | Acquired the ring "Ychasirph" {rPois Will+}
 86268 | Zot:1    | Noticed an orb of fire
 86285 | Zot:1    | Killed an orb of fire
 87141 | Zot:1    | Reached XP level 27. HP: 184/184 MP: 7/47
 88116 | Zot:2    | Noticed an orb of fire
 88125 | Zot:2    | Killed an orb of fire
 88773 | Zot:2    | Found a transporter.
 88849 | Zot:2    | Noticed Beclu's ghost (legendary GnSk)
 88852 | Zot:2    | Found a transporter.
 89621 | Zot:3    | You are sucked into a shaft and drop 1 floor!
 89930 | Zot:3    | Identified the maw talisman of the Hunter {rElec Str+2
                  | Int+2 Dex+4}
 91750 | Zot:5    | Entered Level 5 of the Realm of Zot
 91751 | Zot:5    | Found a transporter.
 91751 | Zot:5    | Found a transporter.
 92694 | Zot:5    | Found a transporter.
 93620 | Zot:5    | Noticed an orb of fire
 93985 | Zot:5    | Noticed an orb of fire
 94003 | Zot:5    | Killed an orb of fire
 94207 | Zot:5    | Noticed an orb of fire
 94212 | Zot:5    | Killed an orb of fire
 94763 | Zot:5    | Noticed an orb of fire
 94769 | Zot:5    | Killed an orb of fire
 95137 | Zot:5    | Noticed an ancient lich
 95142 | Zot:5    | Killed an ancient lich
 95215 | Zot:5    | Noticed an orb of fire
 95219 | Zot:5    | Killed an orb of fire
 95676 | Zot:5    | Noticed an ancient lich
 95679 | Zot:5    | Killed an ancient lich
 95920 | Zot:5    | Noticed an orb of fire
 95925 | Zot:5    | Killed an orb of fire
 97454 | Zot:5    | Noticed an orb of fire
 97459 | Zot:5    | Killed an orb of fire
 97833 | Zot:5    | Got the Orb of Zot
 97869 | Zot:5    | Killed an orb of fire
 97879 | Zot:5    | Noticed an orb of fire
 97882 | Zot:5    | Killed an orb of fire
 98353 | D:$      | Escaped with the Orb!

Illustrated notes

Levels and vault maps discovered:
D:1:      dpeg_arrival_tiny_c, layout_loops_ring, serial_bayou,
          serial_bayou_lagoon_a, serial_bayou_shore_a, serial_bayou_shore_b,
          serial_bayou_pond_e, serial_bayou_pond_b
D:2:      layout_rooms, minmay_indecisive_spiral
D:3:      layout_loops_cross, chequers_arboretum
D:4:      layout_basic, mainiacjoe_overflow_alcove_4,
          nicolae_qazlal_eye_of_the_storm, old_standard_altar,
          nicolae_wu_jian_wuxing_cycle
D:5:      layout_rooms, tso_metal_star, nicolae_overflow_hallway_of_the_gods
D:6:      layout_cave_pools, mainiacjoe_overflow_boulevard,
          hangedman_abyss_or_decor_passed, nrook_mini_vaults,
          chequers_mini_garden, minmay_strange_pillars,
          kb_lookout_dungeons_type, grunt_tough_drop, uniq_sigmund,
          uniq_prince_ribbit1
D:7:      layout_loops_ring, grunt_dithmenos_shadows, minmay_temple_entry_grid,
          serial_bayou, serial_bayou_pond_d, serial_bayou_pond_d,
          serial_bayou_pond_b, serial_bayou_ford_a, serial_bayou_pond_e,
          serial_bayou_pond_a, uniq_jeremiah
D:8:      layout_cave_pools, enter_bailey_4, uniq_pikel
D:9:      layout_basic, dpeg_oklobed_lair
D:10:     layout_basic
D:11:     layout_loops_cross, uniq_maurice
D:12:     layout_rooms, kennysheep_orc_monster_closet_entryway
D:13:     layout_cave_pods, special_room [special_room_orc]
D:14:     layout_big_octagon, hellmonk_vaults_order_and_chaos, serial_shops,
          nicolae_shop_industrial_runoff, minmay_misc_feat_alley, uniq_lodul
D:15:     hangedman_depths_entry_civil_slaughter, layout_loops_corners,
          serial_shops, nicolae_shop_behind_doors
Temple:   hellmonk_temple_of_storms
Lair:1:   layout_regular_city, grunt_megastairs_1, infiniplex_staircase_pool,
          uniq_urug
Lair:2:   layout_chaotic_city, nicolae_spider_entry_tight_spaces,
          eino_small_chamber_without_monster, chequers_serial_rivers_large_a,
          nicolae_quartered_pool_impasse
Lair:3:   layout_loops_ring, mainiacjoe_shoals_entry_four_pools,
          ebering_ghost_rock_garden, roderic_batcave, bobbens_dragon_lair_wall
Lair:4:   layout_cave_pods, minmay_slime_entry_pillars,
          grunt_forest_small_clearing_treed, lemuel_fruit_fields
Lair:5:   evilmike_catoblepas_cave, layout_small_grid, lemuel_fruit_fields
Shoals:1: layout_shoals
Shoals:2: layout_shoals, gammafunk_ghost_necromancy,
          portal_ice_cave_entry_ugly_swarm
Shoals:3: layout_shoals, serial_shops, shop, nicolae_shoals_kraken_party
Shoals:4: shoals_end_simple, layout_shoals, hangedman_feature_mirror,
          nicolae_shoals_mertower, uniq_polyphemus, uniq_roxanne
Spider:1: layout_spider_delve, uniq_aizul, uniq_frances
Spider:2: layout_spider_delve, nicolae_spider_checkerboard
Spider:3: layout_spider_delve
Spider:4: grunt_spider_rune_parallel
Slime:1:  layout_caves
Slime:2:  layout_caves
Slime:3:  layout_caves, basic_altar
Slime:4:  layout_caves
Slime:5:  slime_pit_nicolae_inversion
Orc:1:    layout_diamond_mine, nicolae_orc_stony_grotto
Orc:2:    st_orc_ogre_mass, layout_caves, serial_shops, shop
Elf:1:    minmay_elf_arrival_circle, layout_gridlike, nicolae_elf_crossing_hall
Elf:2:    elven_hall_of_blades_hangedman_alternative
          [nicolae_blade_entry_sentries_behind_glass], layout_gridlike,
          serial_shops, shop, roderic_roman_lattice, billiards_dpeg
Elf:3:    minmay_elf_hall_furrowed, layout_geoelf_octagon, grunt_megastairs_2
Vaults:1: grunt_vaults_funnel, nicolae_vaults_heart-shaped_vault,
          vaults_mumra_chevron_long, v_misc_26, hangedman_vaults_snaps,
          ontoclasm_vaults_twist, hangedman_vaults_unwind,
          ontoclasm_vaults_loading_screen, nicolae_vaults_sightless_eye,
          nicolae_vaults_tangram_2, nicolae_vaults_diamond_1,
          ontoclasm_vaults_ligature, nicolae_vaults_little_squares_4,
          layout_vaults_big_room, serial_shops, nicolae_shop_industrial_runoff
Vaults:2: ebering_ghost_inner_flame, hangedman_vaults_locks,
          nicolae_vaults_steering_wheel, v_misc_2, v_alt_pattern_1, v_rooms_4,
          nicolae_vaults_shock_wave, nicolae_vaults_prndl,
          nicolae_vaults_twisting_passages, v_misc_30,
          nicolae_vaults_offset_grid_hallway_1, layout_vaults_omnicross,
          minmay_crypt_entry_necro_gods, enter_trove_1
Vaults:3: hangedman_vaults_stagger, nicolae_vaults_trapezoid_4,
          ontoclasm_vaults_ring_small, grunt_vaults_focal, v_misc_5,
          nicolae_vaults_heist, nicolae_vaults_tetromino_Z_1,
          nicolae_vaults_alarming, nicolae_vaults_trapezoid_2,
          vaults_room_pools, nicolae_vaults_more_shelving_1,
          layout_vaults_omnigrid, uniq_nikola, uniq_mara, uniq_bai_suzhen
Vaults:4: nicolae_vaults_weapon_check, vaults_mumra_hexcomb,
          nicolae_vaults_mini_display_case, nicolae_vaults_closet_pinwheel_3,
          v_misc_32, nicolae_vaults_inception_corners,
          nicolae_vaults_little_squares_4, nicolae_vaults_oozy_zoo,
          nicolae_vaults_circle_grid_b, nicolae_vaults_tangram_1,
          nicolae_vaults_ring_of_whatevers, vaults_dpeg_hooks,
          layout_vaults_maze
Vaults:5: serial_shops, uniq_boris
Crypt:1:  nicolae_crypt_knochenhaus, layout_gridlike,
          lemuel_mausoleum_altar_kikubaaqudgha, uniq_jory, uniq_saint_roka,
          uniq_josephina
Crypt:2:  layout_chaotic_city, lemuel_upstairs_altar, uniq_xtahua
Crypt:3:  lightli_unholy_cathedral, layout_chaotic_city,
          tomb_entry_shell_bobbens, grunt_ministairs_9
Depths:1: minmay_the_grid_square_5x5_5x5
          [minmay_the_grid_square_5x5_broken_cross,
          minmay_the_grid_square_5x5_tie, minmay_the_grid_square_5x5_shuriken,
          minmay_the_grid_square_5x5_moneybag,
          minmay_the_grid_square_5x5_minimal, minmay_the_grid_square_5x5_bite,
          minmay_the_grid_square_5x5_prize_open,
          minmay_the_grid_square_5x5_three_small,
          minmay_the_grid_square_5x5_prize_rear_guard,
          minmay_the_grid_square_5x5_seven,
          minmay_the_grid_square_5x5_checkered, minmay_the_grid_square_5x5_six,
          minmay_the_grid_square_5x5_prize_itemx,
          minmay_the_grid_square_5x5_mess, minmay_the_grid_square_5x5_longway,
          minmay_the_grid_square_5x5_detours,
          minmay_the_grid_square_5x5_prize_deathbox,
          minmay_the_grid_square_5x5_misaligned,
          minmay_the_grid_square_5x5_prize_waves,
          minmay_the_grid_square_5x5_checkered_statues,
          minmay_the_grid_square_5x5_beaten_path,
          minmay_the_grid_square_5x5_fancy_junction,
          minmay_the_grid_square_5x5_tri_point,
          minmay_the_grid_square_5x5_dogpile,
          minmay_the_grid_square_5x5_inner_i], layout_cave_pools,
          ziggurat_fallback, minmay_misc_feat_tiny, serial_shops,
          nicolae_take_the_stairs, abyss_entry_flame_altar, mu_enter_wizlab_6,
          grunt_hell_horde, kennysheep_cross_bottleneck, tgw_sif
Depths:2: minmay_three_patterns, layout_honeycomb, nicolae_hexahallways,
          pf_dread_powers_of_hell, ebering_ghost_gozag, grunt_pan_entry_spiral
Depths:3: kennysheep_gozag_temple, layout_cave_shapes, abyss_entry_crystal,
          hell_entry, minmay_shoptagon, minmay_staircase_windowed_small
Depths:4: evilmike_zot_entry_basic, layout_gridville,
          chequers_serial_rivers_large_b, hell_entry, st_stairs_2,
          amcnicky_mini_rare_corridor_liquid, minmay_shop_star
Zot:1:    layout_basic
Zot:2:    layout_cathedral_of_symmetry, gammafunk_ghost_mausoleum
Zot:3:    layout_gridlike, regret_index_zotdec_bone_old
Zot:4:    layout_onion_interference, regret_index_zotdec_banners,
          regret_index_zotdec_tunneler
Zot:5:    layout_basic, grunt_ministairs_15, nicolae_transporter_intersection

Skill      XL: |  1  2  3  4  5  6  7  8  9 10 11 12 13 14 15 16 17 18 19 20 21 22 23 24 25 26 27 |
---------------+----------------------------------------------------------------------------------+-----
Conjurations   | 2 3 4 5 6 8 9 11 12 13 15 18 20 21 24 | 24.7
Fighting       | 1 2 3 4 6 7 9 10 11 12 14 15 17 18 20 22 24 | 24.0
Air Magic      | 5 6 8 9 11 13 16 18 20 21 23 24 25 27 | 27.0
Spellcasting   | 3 4 5 7 8 9 10 11 12 13 14 15 17 18 19 20 | 20.0
Stealth        | 3 4 5 |  5.0
Alchemy        | 2 3 |  3.0
Armour         | 3 5 8 10 12 14 16 17 | 17.3
Dodging        | 5 7 9 10 11 13 15 18 | 18.9
Fire Magic     | 3 6 7 9 10 12 14 15 17 | 17.5
Shields        | 3 6 11 13 | 13.8

Action                     |  1- 3 |  4- 6 |  7- 9 | 10-12 | 13-15 | 16-18 | 19-21 | 22-24 | 25-27 || total
---------------------------+-------+-------+-------+-------+-------+-------+-------+-------+-------++-------
  Melee: Dagger            |     7 |     1 |       |       |       |       |       |       |       ||     8
         Kick              |     3 |     1 |     7 |     4 |    10 |    11 |     4 |     1 |    14 ||    55
         Peck              |     2 |     1 |     6 |     5 |     6 |     4 |     1 |     1 |     7 ||    33
         Staff             |       |     1 |    26 |    20 |    29 |    26 |    11 |     2 |    22 ||   137
         Punch             |       |       |     1 |       |       |       |       |       |       ||     1
   Cast: Shock             |    76 |    97 |    62 |    33 |    15 |       |       |       |       ||   283
         Static Discharge  |     1 |    16 |    66 |   235 |   133 |     2 |       |       |       ||   453
         Airstrike         |       |       |    34 |   148 |   285 |    65 |     8 |    21 |    10 ||   571
         Mephitic Cloud    |       |       |       |     8 |    20 |     8 |     3 |       |       ||    39
         Swiftness         |       |       |       |     1 |     2 |       |       |       |       ||     3
         Maxwell's Capacit |       |       |       |       |    25 |    11 |    11 |    15 |    36 ||    98
         Iskenderun's Myst |       |       |       |       |     4 |     4 |       |     4 |       ||    12
         Arcjolt           |       |       |       |       |   100 |    33 |     2 |     1 |       ||   136
         Flame Wave        |       |       |       |       |     4 |       |       |       |       ||     4
         Plasma Beam       |       |       |       |       |    13 |   414 |   534 |   405 |   605 ||  1971
         Fireball          |       |       |       |       |       |     5 |    15 |     6 |       ||    26
         Irradiate         |       |       |       |       |       |    13 |    35 |    17 |       ||    65
         Chain Lightning   |       |       |       |       |       |       |    20 |    76 |    65 ||   161
         Apportation       |       |       |       |       |       |       |       |       |     3 ||     3
         Fire Storm        |       |       |       |       |       |       |       |       |     3 ||     3
  Evoke: Wand              |       |       |       |       |       |       |     1 |       |     1 ||     2
    Use: Scroll            |       |    10 |     5 |    14 |     6 |    12 |     6 |     5 |    10 ||    68
         Potion            |       |       |     1 |     2 |     7 |    23 |     2 |     6 |     6 ||    47
 Armour: Robe              |    10 |    23 |   141 |   391 |   343 |   193 |   117 |     7 |       ||  1225
         Troll leather arm |       |       |       |       |       |       |       |   124 |   156 ||   280
  Dodge: Dodged            |     4 |    11 |    94 |   227 |   333 |   291 |   125 |    80 |   143 ||  1308
  Block: Buckler           |       |       |       |       |       |       |    47 |    33 |       ||    80
         Reflection        |       |       |       |       |       |       |    10 |     5 |       ||    15
         Kite shield       |       |       |       |       |       |       |       |     2 |    66 ||    68
